 Dungeon Crawl Stone Soup version 0.31-a0-700-gf13585253f (webtiles) character file.

Game seed: 3896474159288645329

121 demibob the Poker (level 4, -7/35 HPs)
             Began as a Demonspawn Chaos Knight on Sept 7, 2023.
             Was a Plaything of Xom.
             Mangled by a meliai (shapeshifter)
             ... wielding a +0 hand axe
              (15 damage)
             ... on level 3 of the Dungeon.
             The game lasted 00:02:17 (1104 turns).

demibob the Poker (Demonspawn Chaos Knight)         Turns: 1104, Time: 00:02:18

Health: -7/35      AC:  7    Str: 14    XL:     4   Next: 76%
Magic:  4/4        EV: 11    Int: 13    God:    Xom [...*..]
Gold:   129        SH:  0    Dex: 13    Spells: 3/3 levels left

rFire   . . .        a - +0 spear (chaos)
rCold   . . .        (no shield)
rNeg    . . .        b - +2 leather armour
rPois   .            (no helmet)
rElec   .            (no cloak)
rCorr   .            (no gloves)
SInv    .            (no boots)
Will    .....        (no amulet)
Stlth   +            (no ring)
HPRegen 0.25/turn    (no ring)
MPRegen 0.09/turn

%: no passive effects
@: no status effects
A: molten scales 1, ignite blood 1, demonic touch 1
a: Renounce Religion


You were on level 3 of the Dungeon.
You worshipped Xom.
You were a favourite toy of Xom.
You visited 1 branch of the dungeon, and saw 3 of its levels.

You collected 129 gold pieces.


Innate Abilities, Weirdness & Mutations

You are partially covered in molten scales. (AC +2)
Your demonic aura sometimes causes spilled blood to erupt in flames.
Your touch may inflict minor irresistible damage on your foes.


   Skills:
 - Level 3.0 Fighting
 + Level 5.1 Polearms
 - Level 1.7 Armour
 - Level 0.8 Dodging


You had 3 spell levels left.
You didn't know any spells.
Your spell library contained the following spells:

 Spells                   Type           Power      Damage    Failure   Level
 Magic Dart               Conj           0%         1d3       36%         1
 Searing Ray              Conj           0%         2d4       50%         2
 Sublimation of Blood     Necr           0%         N/A       50%         2
 Wereblood                Tmut           0%         N/A       50%         2
 Fulminant Prism          Conj/Hex       0%         3d5       98%         4
 Summon Hydra             Summ           0%         N/A       100%        7

Inventory:

Hand Weapons
 a - a +0 spear of chaos (weapon)
Missiles
 d - 2 datura-tipped darts
Armour
 b - a +2 leather armour (worn)
Scrolls
 c - a scroll of butterflies
 h - a scroll of enchant weapon {unknown}
Potions
 e - a potion of curing {unknown}
 f - a potion of cancellation {unknown}
 g - a potion of berserk rage {unknown}

Dungeon Overview and Level Annotations

Branches:
Dungeon (3/15)

Altars:
Dithmenos

#.# #?..# #.# #...# #.#
######...######.##
.:.........##...#######
#......).....#........
..<.... #r.b#######
#..y# ##§## #.@.# #§#
####...######.#
.r............^#
################


You could see a meliai shaped shifter (resistant).


Message History

Xom thinks this is hilarious!
The meliai is moderately wounded.
The meliai hits you with a +0 hand axe. The meliai misses you.
The meliai closely misses you. The meliai stings you.
The meliai barely misses you. x2
Press: ? - help, v - describe, . - travel A dispersal trap.
Unknown command.
Xom does a drum roll.
You are now a beloved toy of Xom.
The meliai attacks as it pursues you! The meliai hits you with a +0 hand axe!
* * * LOW HITPOINT WARNING * * *
A shower of butterflies erupts from you!
The meliai stings you but does no damage.
The meliai completely misses you.
The meliai hits your butterfly with a +0 hand axe!
Your butterfly dies!
Your butterfly disappears in a puff of smoke!
The meliai stings you.
* * * LOW HITPOINT WARNING * * *
You enter a dispersal trap!
The meliai blinks!
You blink.
Found a book of Power.
Found a stone staircase leading up.
You are now a favourite toy of Xom.
A quokka comes into view.
Found a scroll labelled ITWOIV AC JONT.
The meliai hits you with a +0 hand axe.
* * * LOW HITPOINT WARNING * * *
The meliai stings you but does no damage.
The meliai hits you with a +0 hand axe!
You die...
Xom guffaws!

Skill      XL: |  1  2  3  4 |
---------------+-------------+-----
Polearms       | 3 4 5 |  5.1
Fighting       | |  3.0
Armour         | |  1.7
Dodging        | |  0.8

Action                     |  1- 3 |  4- 6 || total
---------------------------+-------+-------++-------
  Melee: Spear             |    85 |    45 ||   130
         Touch             |     2 |     4 ||     6
    Use: Potion            |     1 |       ||     1
         Scroll            |     1 |     1 ||     2
   Stab: Sleeping          |       |     1 ||     1
 Armour: Leather armour    |    53 |    23 ||    76
  Dodge: Dodged            |    51 |    17 ||    68

Levels and vault maps discovered:
D:1:      lightli_arrival_farm, layout_rooms,
          dreamdust_ecumenical_altar_angels_and_demons
D:2:      layout_basic, basic_altar
D:3:      layout_loops_ring, mainiacjoe_overflow_tiny_flanked,
          corexii_hall_statues_i

Notes
Turn   | Place    | Note
-------+----------+-------------------------------------------
     0 | D:1      | demibob the Demonspawn Chaos Knight began the quest for the
                  | Orb.
     0 | D:1      | Reached XP level 1. HP: 18/18 MP: 1/1
    95 | D:1      | Reached skill level 3 in Polearms
   100 | D:1      | XOM: silly message
   111 | D:1      | Gained mutation: Your demonic aura sometimes causes spilled
                  | blood to erupt in flames. [demonic ancestry]
   111 | D:1      | Reached XP level 2. HP: 11/24 MP: 2/2
   413 | D:1      | Found a faded altar of an unknown god.
   446 | D:1      | XOM: cloud trail
   700 | D:2      | Gained mutation: Your touch may inflict minor irresistible
                  | damage on your foes. [demonic ancestry]
   700 | D:2      | Reached XP level 3. HP: 29/29 MP: 3/3
   711 | D:2      | Noticed a scorpion
   712 | D:2      | Found a shadowy altar of Dithmenos.
   717 | D:2      | XOM: potion effect (berserk rage)
   719 | D:2      | Killed a scorpion
   720 | D:2      | Reached skill level 4 in Polearms
   720 | D:2      | Gained mutation: You are partially covered in molten
                  | scales. (AC +2) [demonic ancestry]
   720 | D:2      | Reached XP level 4. HP: 35/35 MP: 4/4
   744 | D:2      | XOM: 3-stop teleportation journey
   760 | D:2      | XOM: god gift: 2 datura-tipped darts
   862 | D:2      | XOM: 7-stop teleportation journey
   950 | D:2      | Identified the +10 short sword of Qeine {freeze, rCorr
                  | Dex-2 SInv}
  1062 | D:3      | Reached skill level 5 in Polearms
  1095 | D:3      | an orc changed into a shapeshifter
  1095 | D:3      | Noticed a shapeshifter (shapeshifter)
  1095 | D:3      | a shapeshifter changed into a meliai
  1095 | D:3      | Noticed a meliai (shapeshifter)
  1100 | D:3      | XOM: noise
  1100 | D:3      | XOM: butterfly on damage
  1104 | D:3      | Mangled by a meliai (shapeshifter)

Vanquished Creatures
  A scorpion (D:2)
  2 adders
  A worm (D:2)
  A dart slug (D:3)
  4 bats
  An endoplasm (D:1)
  A giant cockroach (D:1)
  3 goblins
  4 hobgoblins
  4 jackals (D:1)
  3 quokkas (D:1)
  3 ball pythons
  3 frilled lizards
  4 kobolds
  3 rats
38 creatures vanquished.

Table legend: (Time is in decaauts)
 A = Elapsed time spent in this place.
 B = Non-inter-level travel time spent in this place.
 C = Inter-level travel time spent in this place.
 D = Time resting spent in this place.
 E = Time spent auto-exploring this place.
 F = Levels seen in this place.
 G = Mean time per level.
                   A        B        C        D        E       F      G
               +--------+--------+--------+--------+--------+-----+--------+
         Total |   1122 |   1082 |     40 |     31 |    803 |   3 |  374.0 |
       Dungeon |   1122 |   1082 |     40 |     31 |    803 |   3 |  374.0 |
               +--------+--------+--------+--------+--------+-----+--------+

Top non-repeatable levels by time:
     D:1: 670 daAuts
     D:2: 406 daAuts
     D:3: 45 daAuts

Table legend:
 A = Non-vault XP
 B = Vault XP
 C = Vault XP percentage of total XP
 D = Non-vault monster count
 E = Vault monster count
 F = Vault count percentage of total count
                 A         B        C        D         E       F
            +---------+---------+-------+---------+---------+-------
      Total |     173 |       0 |   0.0 |      38 |       0 |   0.0
            +---------+---------+-------+---------+---------+-------
        D:1 |      40 |       0 |   0.0 |      24 |       0 |   0.0
        D:2 |     114 |       0 |   0.0 |      11 |       0 |   0.0
        D:3 |      19 |       0 |   0.0 |       3 |       0 |   0.0
            +---------+---------+-------+---------+---------+-------
